Map: Lightshade LE

Players

ShoWTimE - Winner!

  • Race: Protoss Protoss

uThermal

  • Race: Terran Terran

Event: DreamHack SC2 Masters 2021 Winter

VOD

Have the link to the VOD?

Description

Time

  • Played on: Oct. 8, 2021, 1:04 p.m.
  • Length: 19:21

All games in this series

Show
View Real Time Build Order
Export as new Build Order

ShoWTimE Protoss - Winner!

Build Orders: 1 Gate Expand, Phoenix Opening, Blink Stalkers 

Get SALT Encoding   

  12  0:00  Probe  
  13  0:12  Probe  
  14  0:18  Pylon  
  14  0:24  Probe (Chrono Boost)  
  15  0:36  Gateway, Probe (Chrono Boost)  
  16  0:45  Assimilator, Probe (Chrono Boost)  
  17  0:51  Probe  
  18  1:03  Probe  
  19  1:15  Probe  
  20  1:22  Nexus  
  20  1:32  Cybernetics Core  
  20  1:34  Probe  
  20  1:39  Assimilator  
  21  1:46  Probe  
  22  1:50  Pylon  
  22  1:58  Probe  
  23  2:05  Adept (Chrono Boost)  
  23  2:08  Warp Gate  
  25  2:10  Probe  
  25  2:15  Shield Battery  
  26  2:23  Probe  
  26  2:27  Twilight Council  
  27  2:34  Probe (Chrono Boost)  
  27  2:36  Sentry  
  31  2:40  Probe (Chrono Boost)  
  32  2:45  Probe (Chrono Boost)  
  32  2:49  Probe (Chrono Boost)  
  32  2:50  Probe (Chrono Boost)  
  33  2:53  Gateway  
  33  2:58  Blink (Chrono Boost)  
  34  2:59  Probe  
  34  3:01  Probe  
  36  3:10  Phoenix  
  36  3:11  Probe  
  37  3:13  Probe  
  37  3:16  Stalker  
  40  3:23  Probe  
  40  3:25  Probe  
  42  3:27  Pylon  
  42  3:33  Robotics Facility  
  42  3:35  Probe  
  42  3:37  Probe  
  44  3:44  Pylon  
  44  3:51  Shield Battery  
  44  3:56  Stalker x2  
  44  4:01  Probe x2  
  47  4:13  Probe (Chrono Boost)  
  47  4:14  Probe (Chrono Boost)  
  42  4:25  Probe (Chrono Boost)  
  42  4:26  Nexus  
  42  4:28  Stalker x2  
  48  4:32  Probe (Chrono Boost)  
  48  4:34  Probe (Chrono Boost)  
  48  4:36  Observer  
  51  4:38  Probe (Chrono Boost)  
  51  4:39  Pylon  
  51  4:40  Probe  
  52  4:50  Probe  
  52  4:52  Probe (Chrono Boost)  
  54  4:53  Charge (Chrono Boost)  
  54  4:56  Pylon  
  54  5:04  Probe (Chrono Boost)  
  54  5:06  Pylon  
  56  5:07  Probe (Chrono Boost)  
  56  5:12  Probe (Chrono Boost)  
  57  5:15  Probe (Chrono Boost)  
  57  5:18  Probe  
  59  5:21  Gateway  
  59  5:23  Gateway  
  59  5:25  Sentry  
  59  5:26  Probe  
  59  5:28  Gateway  
  62  5:30  Probe  
  62  5:33  Gateway  
  62  5:34  Observer  
  63  5:35  Gateway  
  63  5:41  Gateway  
  63  5:45  Probe x2  
  63  5:46  Probe  
  66  5:51  Sentry  
  66  5:52  Warp Prism (Chrono Boost)  
  70  5:58  Probe x2  
  70  5:59  Probe  
  73  6:06  Pylon  
  73  6:09  Zealot  
  75  6:13  Probe x3  
  75  6:14  Forge  
  78  6:23  Zealot x2  
  78  6:24  Zealot  
  78  6:25  Probe  
  85  6:26  Pylon  
  85  6:28  Immortal (Chrono Boost)  
  89  6:35  Assimilator, Shield Battery  
  89  6:38  Zealot  
  91  6:40  Zealot  
  91  6:43  Zealot  
  91  6:45  Protoss Ground Weapons Level 1 (Chrono Boost)  
  95  6:50  Zealot x2  
  99  6:56  Probe x3  
  99  6:58  Pylon  
  99  6:59  Immortal (Chrono Boost)  
  102  7:05  Pylon  
  102  7:07  Zealot x2  
  110  7:15  Zealot  
  112  7:16  Pylon  
  112  7:23  Zealot x3  
  112  7:29  Pylon  
  118  7:30  Pylon  
  118  7:41  Zealot x5  
  118  7:43  Zealot x3  
  99  8:03  Zealot x8  
  103  8:26  Zealot x4, Stalker x2  
  85  8:42  Protoss Ground Armor Level 1 (Chrono Boost)  
  79  8:50  Nexus  
  77  8:56  Zealot, Sentry x3  
  77  8:57  Zealot  
  77  9:00  Pylon  
  87  9:03  Stalker  
  89  9:11  Zealot x2  
  89  9:14  Observer  
  89  9:15  Shield Battery  
  93  9:17  Pylon  
  93  9:20  Robotics Facility  
  93  9:23  Zealot  
  95  9:32  Stalker x2  
  95  9:38  Stalker x2  
  103  9:42  Zealot  
  105  9:57  Stalker x4  
  113  10:04  Zealot x2  
  117  10:07  Assimilator  
  117  10:09  Observer (Chrono Boost)  
  117  10:12  Robotics Bay  
  118  10:19  Zealot x2  
  122  10:32  Pylon, Observer  
  122  10:36  Probe, Immortal (Chrono Boost)  
  122  10:37  Probe x2  
  129  10:46  Zealot x7  
  141  11:07  Disruptor  
  140  11:12  Zealot x8  
  132  11:31  Protoss Ground Weapons Level 2 (Chrono Boost)  
  116  11:35  Zealot x7  
  116  11:36  Zealot  
  124  11:45  Disruptor (Chrono Boost)  
  127  11:51  Observer  
  127  11:52  Nexus  
  127  11:57  Pylon, Sentry x2  
  127  12:01  Assimilator  
  131  12:06  Observer  
  131  12:18  Disruptor (Chrono Boost)  
  131  12:19  Zealot x6  
  146  12:24  Probe x3  
  146  12:26  Observer  
  149  12:33  Pylon  
  149  12:36  Probe  
  150  12:45  Zealot x6  
  162  13:01  Zealot  
  164  13:14  Zealot x7  
  164  13:16  Pylon  
  178  13:26  Pylon  
  178  13:27  Photon Cannon  
  178  13:29  Observer, Protoss Ground Armor Level 2 (Chrono Boost)  
  176  13:36  Photon Cannon  
  176  13:37  Shield Battery, Nexus  
  176  14:03  Zealot x8  
  184  14:13  Disruptor  
  184  14:14  Dark Shrine  
  181  14:29  Stalker x5  
  181  14:30  Stalker x3  
  191  14:34  Probe x2  
  187  14:43  Observer  
  185  14:48  Disruptor  
  188  14:53  Zealot x2, Stalker x3  
  188  14:54  Zealot  
  200  15:02  Photon Cannon  
  200  15:03  Shield Battery  
  194  15:14  Stalker x2  
  194  15:15  Stalker  
  194  15:24  Disruptor  
  194  15:27  Zealot  
  199  15:33  Protoss Ground Weapons Level 3 (Chrono Boost)  
  195  15:43  Zealot x2  
  195  15:48  Zealot  
  193  15:57  Zealot x3  
  193  16:00  Disruptor  
  193  16:02  Zealot  
  193  16:03  Zealot  
  154  16:14  Observer  
  154  16:16  Zealot  
  154  16:17  Zealot x5  
  166  16:25  Stalker x8  
  157  16:30  Assimilator  
  157  16:33  Assimilator  
  157  16:34  Gateway  
  157  16:35  Disruptor  
  157  16:36  Shadow Stride (Chrono Boost), Gateway  
  160  16:42  Assimilator x2  
  160  16:44  Assimilator  
  160  16:45  Assimilator  
  147  17:00  Zealot x8  
  136  17:11  Disruptor (Chrono Boost), Probe  
  124  17:26  Stalker x3  
  124  17:27  Zealot x4, Stalker  
  140  17:31  Probe x4  
  144  17:42  Disruptor (Chrono Boost)  
  144  17:43  Pylon  
  147  17:49  Gateway  
  147  17:50  Sentry x2, Gateway  
  147  17:51  Stalker x4  
  155  17:52  Pylon  
  155  17:57  Nexus  
  159  18:01  Pylon  
  159  18:04  Zealot x3  
  159  18:11  Pylon  
  159  18:23  Dark Templar x4  
  167  18:29  Photon Cannon  
  167  18:32  Photon Cannon  
  167  18:33  Shield Battery  
  167  18:36  Warp Prism (Chrono Boost)  
  167  18:42  Zealot x2  
  167  18:43  Zealot x3  
  177  18:48  Stalker  
  175  18:58  Stalker x3  
Show
View Real Time Build Order
Export as new Build Order

uThermal Terran 

Build Orders:  

Get SALT Encoding   

  12  0:00  SCV  
  13  0:12  SCV  
  14  0:16  Supply Depot  
  14  0:24  SCV  
  15  0:38  SCV  
  15  0:39  Barracks  
  16  0:42  Refinery  
  16  0:50  SCV  
  17  1:02  SCV  
  18  1:14  SCV  
  19  1:26  Orbital Command, Marine  
  20  1:44  Command Center  
  20  1:52  SCV  
  21  1:56  Factory  
  21  2:01  Barracks Reactor  
  21  2:04  SCV  
  22  2:09  Supply Depot  
  22  2:17  SCV  
  22  2:21  Refinery  
  23  2:30  SCV  
  24  2:39  Starport  
  24  2:42  SCV  
  25  2:46  Hellion x2  
  29  2:55  SCV  
  29  2:56  Orbital Command  
  30  3:07  SCV  
  30  3:08  Hellion x2  
  30  3:12  Barracks Tech Lab  
  35  3:15  Medivac  
  35  3:19  SCV  
  38  3:21  SCV  
  39  3:31  Supply Depot  
  39  3:32  SCV  
  39  3:33  SCV  
  41  3:36  Siege Tank  
  41  3:38  Marine  
  41  3:39  Marine  
  46  3:52  SCV x2  
  48  3:56  Marine x2  
  48  3:57  Supply Depot  
  50  4:04  SCV x2  
  52  4:10  Siege Tank  
  52  4:16  SCV x2  
  51  4:18  Marine x2  
  51  4:19  Barracks  
  51  4:22  Barracks  
  51  4:23  Bunker  
  49  4:28  SCV  
  49  4:31  Engineering Bay  
  50  4:35  SCV, Marine  
  50  4:36  Marine  
  53  4:41  SCV  
  53  4:44  Siege Tank  
  57  4:47  SCV  
  57  4:52  Supply Depot  
  58  4:53  SCV  
  58  4:56  Marine x2  
  58  4:59  SCV  
  61  5:01  Refinery  
  61  5:06  SCV  
  62  5:08  Barracks Tech Lab  
  62  5:11  SCV  
  61  5:18  SCV, Marine x2  
  61  5:19  Starport Reactor  
  64  5:23  Supply Depot  
  64  5:24  Stimpack, SCV  
  64  5:25  Marine  
  64  5:27  Marine  
  67  5:29  Terran Infantry Weapons Level 1  
  67  5:31  Factory Reactor  
  67  5:34  SCV, Supply Depot  
  68  5:36  SCV, Marine  
  68  5:41  Supply Depot  
  70  5:43  Combat Shield  
  70  5:45  Marauder, Marine  
  70  5:46  SCV  
  70  5:48  Marauder  
  76  5:55  SCV  
  76  5:56  Marine  
  78  5:58  Supply Depot  
  78  6:00  Medivac  
  78  6:02  Supply Depot  
  78  6:03  Medivac  
  82  6:08  Marine  
  82  6:09  Widow Mine  
  82  6:10  Marauder  
  87  6:13  Widow Mine  
  87  6:15  Marine x2  
  87  6:16  Missile Turret  
  87  6:17  Missile Turret  
  87  6:18  Supply Depot  
  91  6:30  Marine  
  91  6:31  Marauder  
  94  6:33  Command Center, Widow Mine  
  94  6:35  Widow Mine  
  94  6:37  Marine x2  
  100  6:42  Medivac  
  100  6:45  Supply Depot  
  100  6:46  Medivac  
  104  6:48  Marine  
  104  6:53  Marauder  
  107  6:54  Widow Mine  
  107  6:59  Marine  
  107  7:00  Marine, Supply Depot  
  111  7:06  Marauder  
  111  7:07  Barracks  
  111  7:08  Barracks  
  113  7:11  Concussive Shells  
  113  7:13  Marine  
  113  7:14  Widow Mine  
  116  7:16  Widow Mine  
  116  7:21  Marine x2  
  120  7:26  Supply Depot  
  120  7:27  Marauder  
  122  7:32  Marauder  
  122  7:35  Widow Mine  
  128  7:37  Widow Mine  
  128  7:38  Medivac, Marine  
  128  7:41  Marine  
  131  7:49  Marauder  
  119  7:53  Marauder  
  119  7:56  Marine x2  
  119  7:57  Widow Mine  
  115  7:58  Widow Mine  
  115  8:01  SCV  
  112  8:17  SCV  
  112  8:18  Widow Mine  
  109  8:20  Widow Mine  
  109  8:21  Marine  
  109  8:22  Marauder  
  109  8:23  SCV  
  109  8:24  Marine x2  
  109  8:25  Marauder  
  114  8:29  SCV  
  111  8:34  Marine  
  111  8:38  SCV  
  111  8:40  Widow Mine  
  103  8:41  Widow Mine  
  103  8:43  Marauder  
  103  8:47  SCV  
  95  8:50  Marine x2  
  95  8:51  SCV, Marauder  
  96  8:59  SCV  
  97  9:03  SCV, Missile Turret  
  97  9:04  Widow Mine  
  97  9:07  Refinery  
  100  9:11  SCV  
  100  9:15  Terran Infantry Armor Level 1  
  100  9:16  SCV  
  102  9:17  Orbital Command  
  102  9:18  Marauder  
  102  9:23  SCV  
  105  9:25  Marine, Refinery  
  105  9:28  SCV  
  105  9:30  Medivac  
  105  9:31  Marine  
  110  9:32  Marine  
  110  9:34  Marine x2  
  110  9:36  SCV  
  114  9:39  Medivac, Marine  
  114  9:40  SCV  
  114  9:44  SCV  
  119  9:45  Supply Depot  
  119  9:48  SCV  
  119  9:52  Barracks Tech Lab, SCV  
  121  9:56  Barracks Tech Lab  
  121  9:57  SCV  
  121  9:58  Widow Mine x2  
  126  10:00  Medivac  
  126  10:01  SCV  
  126  10:02  Missile Turret  
  126  10:07  Marine x2, Armory  
  129  10:11  SCV x2  
  129  10:12  Marine  
  129  10:13  Marine  
  129  10:14  Marine  
  126  10:17  Marine  
  126  10:18  SCV  
  126  10:20  Medivac  
  130  10:24  SCV, Marine  
  130  10:25  Marine  
  130  10:26  SCV, Ghost Academy  
  134  10:31  Marine, Marauder  
  134  10:32  Marauder  
  134  10:34  Medivac  
  138  10:36  Marine  
  138  10:38  SCV  
  138  10:42  Marine  
  140  10:43  Marine  
  140  10:48  Missile Turret  
  140  10:49  Marauder  
  144  10:50  Medivac  
  144  10:51  Widow Mine, Refinery  
  144  10:52  Marine  
  144  10:53  Marine  
  144  10:54  Widow Mine  
  152  10:59  Ghost  
  151  11:09  Ghost  
  147  11:18  Ghost  
  147  11:21  Orbital Command  
  147  11:22  Ghost  
  120  11:35  Marauder, Marine  
  120  11:38  Marine  
  120  11:39  Marauder  
  121  11:43  Widow Mine x2  
  121  11:45  Terran Infantry Weapons Level 2  
  123  11:47  Marine  
  123  11:51  Marine  
  123  11:52  Marine  
  123  11:53  Bunker  
  126  11:54  Medivac  
  126  11:55  Marine  
  126  11:57  Marauder  
  126  11:58  Refinery, Supply Depot  
  126  11:59  Marine  
  132  12:03  Medivac  
  132  12:05  Marine  
  132  12:06  Widow Mine  
  132  12:07  Widow Mine  
  139  12:08  SCV  
  139  12:11  Marine  
  139  12:12  Marauder  
  139  12:13  Marine  
  144  12:16  Missile Turret  
  144  12:22  Marauder, Marine  
  147  12:26  Command Center  
  147  12:28  Widow Mine  
  145  12:31  Marine, Ghost  
  145  12:32  Sensor Tower  
  145  12:33  Marauder  
  145  12:35  Medivac  
  154  12:37  Widow Mine  
  154  12:47  Barracks  
  154  12:48  Marine, Barracks  
  154  12:49  Marauder x2  
  154  12:50  Barracks  
  159  12:54  Supply Depot  
  159  13:04  Marine  
  159  13:05  Medivac, Marauder  
  164  13:08  Medivac, Marine  
  164  13:09  Marauder  
  165  13:13  Supply Depot x2  
  165  13:14  Supply Depot  
  165  13:16  Marauder  
  165  13:17  Marauder  
  165  13:22  Marine  
  165  13:26  SCV  
  167  13:30  SCV  
  167  13:35  Medivac  
  167  13:36  Barracks Tech Lab x2  
  167  13:37  Barracks Reactor  
  167  13:38  Medivac  
  171  13:50  Marine  
  171  13:51  Marauder x3  
  178  13:57  Missile Turret  
  178  14:00  Terran Infantry Armor Level 2  
  176  14:03  Marauder, Marine  
  176  14:04  Marauder  
  176  14:05  SCV  
  180  14:15  Marauder, Marine  
  183  14:19  Marauder, Marine  
  183  14:21  SCV  
  183  14:23  Missile Turret  
  185  14:25  Planetary Fortress  
  185  14:28  Marine  
  185  14:29  Marauder  
  188  14:32  Medivac  
  190  14:40  Marauder, Marine x2  
  190  14:47  Marauder x2, Marine  
  190  14:50  Marauder  
  197  14:53  Terran Ship Weapons Level 1  
  197  14:55  Marine  
  197  14:56  Marauder  
  195  15:17  Liberator x2  
  199  15:29  Marine  
  200  15:42  Marauder, Marine  
  199  15:43  Marine  
  199  15:46  Marine  
  199  15:47  Marine  
  198  15:53  Marauder, Marine x2  
  187  16:05  Liberator  
  187  16:10  Marine  
  187  16:11  Marauder  
  170  16:12  Marauder x2, Marine x2  
  170  16:13  Liberator  
  170  16:15  Marine  
  170  16:16  Marauder  
  162  16:24  Marine  
  162  16:25  Marauder  
  159  16:28  Marine, Widow Mine x2, Missile Turret  
  159  16:31  Command Center  
  159  16:32  Marauder  
  166  16:36  Fusion Core, Marauder x2, Marine x2  
  172  16:40  Marauder, Marine  
  172  16:42  Marine  
  172  16:46  Marauder  
  178  16:48  Liberator  
  167  16:56  Liberator  
  148  17:06  Widow Mine, Marine  
  148  17:07  Marauder  
  137  17:17  Marauder x2, Marine x2, Ghost  
  145  17:27  Advanced Ballistics  
  145  17:31  Marine  
  146  17:37  Sensor Tower  
  146  17:41  Liberator  
  149  17:44  Liberator  
  152  17:56  Ghost  
  152  17:58  Ghost  
  152  17:59  Missile Turret  
  152  18:05  Ghost  
  150  18:17  Ghost  
  152  18:27  SCV x2  
  154  18:37  Marine x4  
  154  18:38  SCV  
  154  18:39  SCV, Refinery  
  160  18:42  Refinery  
  160  18:45  Missile Turret  
  160  18:48  Marauder, Marine  
  156  18:54  Marine  
  156  18:55  Marauder  
  159  18:56  SCV  
  159  19:00  Marine  

Tags
 
Add a new tag
Caveats
  • Supply blocks, unpowered buildings, or Contaminate may cause inaccurate times.
  • Supply counts are checked every 10 seconds.